AoeStats
← treckerbecker

Black Forest

508230170Analyzed
4v4 RM · 9d ago on Sep 21, 2026· 24m 37s· 8 players
Game mode
Random Map
Map size
Large (8 player)
Population
200
Speed
Normal
Resources
Standard
Victory
Conquest
Starting age
Dark Age
Ending age
Imperial Age
RankedLock teamsTeams togetherTeam positionsShared explorationLock speedFull tech treeHidden civsTurbo modeCheats
Victory
Defeat
🇹🇷 Spanish · Türkiye
1009
+15
🇩🇪 Shu · Germany
999
+16
🇻🇳 Khmer · Vietnam
964
+17
🇻🇳 Slavs · Vietnam
929
+18
🇨🇳 Inca · China
1005
-17
🇨🇳 Turks · China
1005
-17
983
-16
🇨🇳 Wu · China
980
-16
ZHurald ZHurdrada
好邻居
1:26 Loom
14:21 Feudal Age
15:46 Wheelbarrow
22:06 Castle Age
菜鸟不是菜
ナンゴン ウェニア
gulu gulu
0:52 Loom
11:49 Feudal Age
22:14 Castle Age
21:36 Double-Bit Axe
21:49 Stone Mining
21:52 Gold Mining
21:45 Horse Collar
24:23 Wheelbarrow
24:26 Gold Shaft Mining
zckaz123
4:30 Loom
13:29 Feudal Age
17:53 Town Watch
treckerbecker
0:33 Loom
Chad
11:54 Feudal Age
13:09 Loom
15:28 Castle Age
14:10 Double-Bit Axe
16:03 Wheelbarrow
15:13 Loom
16:07 Wheelbarrow
15:17 Loom
16:11 Wheelbarrow
16:25 Bow Saw
17:29 Gold Mining
Connection lost

Rejoining the realm…

Still unreachable

The connection could not be restored.

Session expired

The server has moved on; the page needs a fresh start.